 Dungeon Crawl Stone Soup version 0.18.1-48-g4cf74bf (webtiles) character file.

86 PossumBlood the Insei (level 4, -4/37 HPs)
             Began as a Vampire Monk on Aug 25, 2016.
             Killed by nerve-wracking pain
             ... invoked by an orc priest
              (11 damage)
             ... on level 3 of the Dungeon.
             The game lasted 00:05:59 (1935 turns).

PossumBlood the Insei (Vampire Monk)                Turns: 1935, Time: 00:06:00

Health: -4/37      AC:  2    Str: 14    XL:     4   Next: 26%
Magic:  4/4        EV: 14    Int: 12    God:
Gold:   155        SH:  5    Dex: 17    Spells: 0 memorised, 3 levels left

rFire  . . .     SeeInvis +       - Unarmed
rCold  + . .     Gourm    .     a - +0 robe
rNeg   . . .     Faith    .     (no shield)
rPois  .         Spirit   .     (no helmet)
rElec  .         Dismiss  .     (no cloak)
rCorr  .         Reflect  +     (no gloves)
SustAt .         Harm     .     (no boots)
MR     .....                    j - +5 amulet of reflection
Stlth  +++.......               i - +4 ring of strength
                                b - ring of protection from cold

@: regenerating very quickly, not resistant to hostile enchantments, fairly
stealthy
A: fangs 3, see invisible, unbreathing
a: no special abilities


You were on level 3 of the Dungeon.
You were almost alive.

You visited 1 branch of the dungeon, and saw 3 of its levels.

You collected 155 gold pieces.

Inventory:

Hand Weapons
 k - a +2 dagger of electrocution
Armour
 a - a +0 robe (worn)
Jewellery
 b - a ring of protection from cold (left hand)
 i - a +4 ring of strength (right hand)
 j - a +5 amulet of reflection (around neck)
Scrolls
 c - 3 scrolls of remove curse
 f - 2 scrolls of identify
Potions
 d - 2 potions of blood
 e - a potion of curing
 h - a potion of agility


   Skills:
 * Level 3.8 Fighting
 + Level 4.0 Dodging
 + Level 3.7 Stealth
 + Level 4.7 Unarmed Combat


You had 3 spell levels left.
You didn't know any spells.

Dungeon Overview and Level Annotations

Branches:
Dungeon (3/15)

Altars:
Makhleb
Nemelex Xobeh


Innate Abilities, Weirdness & Mutations

Your natural rate of healing is extremely fast.
You have razor-sharp teeth.
You have supernaturally acute eyesight.
You can survive without breathing.


Message History

You barely miss the orc priest.
The orc priest is lightly wounded.
You block the orc priest's attack.
You barely miss the orc priest.
The orc priest is lightly wounded.
The orc priest closely misses you.
You hit the orc priest.
The orc priest is heavily wounded.
The orc priest barely misses you.
You closely miss the orc priest.
The orc priest is heavily wounded.
The orc priest barely misses you.
You hit the orc priest.
The orc priest is almost dead.
The orc priest casts a cantrip, but nothing happens.
You closely miss the orc priest.
The orc priest is almost dead.
The orc priest calls down the wrath of Beogh upon you.
Pain shoots through your body!
You die...

....###<##
.........#
.######..# #..#
#..# ######..#
#.......#....≈≈#
#.#####.#....≈≈#
#@#....≈≈#
#o#....≈≈≈
#o#....≈ #o#...
.#.#.#o#.#######
#................
#.#######.######
#.<....oo..!...
#....<.o....###


You could see an orc priest and 3 orcs.

Vanquished Creatures
  2 adders (D:2)
  5 dart slugs
  2 giant geckos (D:1)
  An orc (D:3)
  A ball python (D:1)
  A giant cockroach (D:2)
  5 goblins
  6 hobgoblins
  7 jackals (D:2)
  2 quokkas
  8 bats
  6 giant newts
  6 kobolds
  3 rats
55 creatures vanquished.

Notes
Turn   | Place    | Note
--------------------------------------------------------------
     0 | D:1      | PossumBlood the Vampire Monk began the quest for the Orb.
     0 | D:1      | Reached XP level 1. HP: 17/17 MP: 1/1
    87 | D:1      | Reached XP level 2. HP: 17/24 MP: 2/2
   541 | D:1      | Reached XP level 3. HP: 29/29 MP: 3/3
  1125 | D:2      | Found a sparkling altar of Nemelex Xobeh.
  1426 | D:2      | Reached XP level 4. HP: 25/37 MP: 4/4
  1794 | D:2      | Found a burning altar of Makhleb.
  1914 | D:3      | HP: 1/37 [orc priest/divine providence (12)]
  1935 | D:3      | Killed from afar by an orc priest

Skill      XL: |  1  2  3 |
---------------+----------+-----
Fighting       | 3 |  3.8
Dodging        | 4 |  4.0
Stealth        | |  3.7
Unarmed Combat | |  4.7

Action                   |  1- 3 |  4- 6 || total
-------------------------+-------+-------++-------
Melee: Unarmed           |   151 |    25 ||   176
       Bite              |    14 |     2 ||    16
       Punch             |     6 |       ||     6
  Use: Potion            |     7 |     4 ||    11
       Scroll            |     1 |     4 ||     5
 Stab: Sleeping          |     8 |     1 ||     9
       Distracted        |     1 |       ||     1
  Eat: Corpse            |     4 |       ||     4
Armor: Robe              |    15 |     1 ||    16
Dodge: Dodged            |   118 |    14 ||   132
Block: Other             |     1 |     7 ||     8
